 Dungeon Crawl Stone Soup version 0.21.1-1-g345015f (webtiles) character file.

60 Mirai the Magician (level 3, -7/19 HPs)
             Began as a Deep Elf Conjurer on Apr 17, 2018.
             Mangled by Sigmund
             ... wielding a +0 scythe
              (12 damage)
             ... on level 2 of the Dungeon.
             The game lasted 00:03:06 (1209 turns).

Mirai the Magician (Deep Elf Conjurer)              Turns: 1209, Time: 00:03:06

Health: -7/19      AC:  2    Str:  5    XL:     3   Next: 80%
Magic:  11/11      EV: 13    Int: 20    God:
Gold:   165        SH:  0    Dex: 15    Spells: 9/12 levels left

rFire    . . .     SeeInvis .   d - +1 short sword (venom)
rCold    . . .     Gourm    .   (no shield)
rNeg     . . .     Faith    .   a - +0 robe
rPois    +         Spirit   .   (no helmet)
rElec    .         Reflect  .   (no cloak)
rCorr    .         Harm     .   (no gloves)
MR       .....                  (no boots)
Stlth    ++........             (no amulet)
HPRegen  0.06/turn              k - ring of poison resistance
MPRegen  0.12/turn              (no ring)

@: no status effects
A: no striking features
a: no special abilities


You were on level 2 of the Dungeon.
You were not hungry.

You visited 1 branch of the dungeon, and saw 3 of its levels.

You collected 165 gold pieces.

Inventory:

Hand Weapons
 d - a +1 short sword of venom (weapon)
Armour
 a - a +0 robe (worn)
Jewellery
 k - a ring of poison resistance (left hand)
Scrolls
 e - a scroll of fear {unknown}
 g - a scroll of immolation {unknown}
 h - 2 scrolls of fog {unknown}
 i - a scroll of magic mapping {unknown}
 j - a scroll of random uselessness {unknown}
 m - a scroll of remove curse {unknown}
 n - a scroll of identify {unknown}
 o - 2 scrolls of blinking {unknown}
Potions
 l - a potion of degeneration {unknown}
Books
 b - a book of Conjurations

   Spells                             Type                      Level
   a - Magic Dart                     Conjuration                  1
   b - Searing Ray                    Conjuration                  2
   c - Dazzling Spray                 Conjuration/Hexes            3
   d - Fulminant Prism                Conjuration/Hexes            4
   e - Force Lance                    Conjuration/Translocation    4
   f - Iskenderun's Mystic Blast      Conjuration                  4
Comestibles
 c - 3 rations
 f - 9 chunks of flesh


   Skills:
 - Level 2.4 Dodging
 - Level 2.4 Stealth
 * Level 5.0 Spellcasting
 + Level 5.0 Conjurations


You had 9 spell levels left.
You knew the following spells:

 Your Spells              Type           Power        Failure   Level  Hunger
a - Magic Dart            Conj           ####         1%          1    None
b - Searing Ray           Conj           ####..       2%          2    None


Dungeon Overview and Level Annotations

Branches:
Dungeon (3/15)

Altars:
Yredelemnul

Annotations:
D:2 Sigmund


Message History

Magic restored.
There's nothing to close nearby.
You can't go down here!
Sigmund is too close now for your liking.
You can't go down here!
Sigmund shouts!
Sigmund laughs darkly.
Sigmund gestures at you while chanting. The puff of flame hits you!
Sigmund casts a spell.
Sigmund flickers and vanishes!
Deactivating autopickup; reactivate with Ctrl-A.
You hear some strange, mumbled words.
A magic dart appears from out of thin air!
The magic dart hits you!
* * * LOW HITPOINT WARNING * * *
There is an escape hatch in the floor here.
Something hits you!
Ouch! That really hurt!
You die...

##########....# ..............#
##########....# ######
#######....#### #.....
#.......##..# #.####
#.#########.# #.# ## ######.##
#.###. ..#######.......## #..[..
..........@......#####.##.#
#######..######..{.............)#
.....<...# ####.#.......##....
#.......# #####...#.........##
.#.......# #......#..######.###
..<......## #...#....## #.# #
..........## #.....#### ##.###
##.........###...#.# #..#.#
#...........##...#.# ###.##.#


There were no monsters in sight!

Vanquished Creatures
  A worker ant (D:3)
  An adder (D:3)
  2 dart slugs (D:1)
  3 orcs
  3 goblins
  A hobgoblin (D:1)
  3 bats
  2 frilled lizards
  4 kobolds
  2 rats (D:2)
22 creatures vanquished.

Notes
Turn   | Place    | Note
-------+----------+-------------------------------------------
     0 | D:1      | Mirai the Deep Elf Conjurer began the quest for the Orb.
     0 | D:1      | Reached XP level 1. HP: 10/10 MP: 6/6
   313 | D:1      | Reached XP level 2. HP: 15/15 MP: 1/8
   323 | D:1      | Learned a level 2 spell: Searing Ray
   724 | D:2      | Noticed Sigmund
   885 | D:2      | Found a basalt altar of Yredelemnul.
  1048 | D:3      | Reached XP level 3. HP: 19/19 MP: 5/10
  1103 | D:2      | Reached skill level 5 in Spellcasting
  1107 | D:2      | Reached skill level 5 in Conjurations
  1209 | D:2      | Mangled by Sigmund

Skill      XL: |  1  2  3 |
---------------+----------+-----
Spellcasting   | 4 5 |  5.0
Conjurations   | 5 |  5.0
Dodging        | |  2.4
Stealth        | |  2.4

Action                   || total
-------------------------++-------
Melee: Short sword       ||     4
 Cast: Magic Dart        ||    36
       Searing Ray       ||     2
  Eat: Chunk             ||     1
Armor: Robe              ||     3
Dodge: Dodged            ||    13
